 Dungeon Crawl Stone Soup version 0.22-a0-419-g492bfec (webtiles) character file.

32 4thArraOfDagon the Stinger (level 2, 0/30 HPs)
             Began as a Demigod Venom Mage on May 15, 2018.
             Succumbed to an adder's poison
             ... on level 2 of the Dungeon.
             The game lasted 00:02:02 (404 turns).

4thArraOfDagon the Stinger (Demigod Venom Mage)      Turns: 404, Time: 00:02:02

Health: 0/30       AC:  2    Str: 16    XL:     2   Next: 93%
Magic:  0/7        EV: 12    Int: 19    God:
Gold:   31         SH:  0    Dex: 16    Spells: 4/5 levels left

rFire    + . .     SeeInvis .   d - +0 flail
rCold    x . .     Gourm    .   (no shield)
rNeg     . . .     Faith    .   a - +0 robe
rPois    .         Spirit   .   (no helmet)
rElec    .         Reflect  .   (no cloak)
rCorr    .         Harm     +   (no gloves)
MR       .....                  (no boots)
Stlth    ..........             h - amulet of harm
HPRegen  0.10/turn              b - ring of fire
MPRegen  0.10/turn              (no ring)

@: berserking, lethally poisoned (0 -> -10), flying, very quick
A: high mp 1
a: no special abilities


You were on level 2 of the Dungeon.
You were not hungry.

You visited 1 branch of the dungeon, and saw 2 of its levels.

You collected 31 gold pieces.

Inventory:

Hand Weapons
 d - a +0 flail (weapon)
Armour
 a - a +0 robe (worn)
Jewellery
 b - a ring of fire (left hand)
 h - an amulet of harm (around neck)
Scrolls
 e - a scroll of remove curse {unknown}
Comestibles
 c - a ration


   Skills:
 - Level 1.7 Dodging
 - Level 1.7 Stealth
 - Level 2.0 Spellcasting
 * Level 2.5 Conjurations
 - Level 2.6 Poison Magic


You had 4 spell levels left.
You knew the following spells:

 Your Spells              Type           Power        Failure   Level  Hunger
a - Sting                 Conj/Pois      ##..         6%          1    #......

Your spell library contained the following spells:

 Spells                   Type           Power        Failure   Level  Hunger
 Mephitic Cloud           Conj/Pois/Air  #.......     24%         3    ###....
 Venom Bolt               Conj/Pois      ##........   85%         5    ######.
 Olgreb's Toxic Radiance  Pois           ##......     50%         4    #####..
 Poisonous Vapours        Pois/Air       #.....       14%         2    ###....


Dungeon Overview and Level Annotations

Branches:
Dungeon (2/15)


Innate Abilities, Weirdness & Mutations

You have an increased reservoir of magic. (+10% MP)


Message History

You feel sick.
Casting: Sting (safe; 6% risk of failure)
Confirm with . or Enter, or press ? or * to list all spells.
Aiming: Sting (safe; 6% risk of failure)
Press: ? - help, Shift-Dir - straight line, f/p - adder
Aim: an adder (moderately wounded)
The sting hits the adder.
The adder is almost dead.
You feel sick. The adder closely misses you. The adder barely misses you.
It was a potion of flight.
You feel very buoyant.
You fly up into the air.
The adder bites you.
* * * LOW HITPOINT WARNING * * *
You are more poisoned.
The adder poisons you!
Unknown command.
It was a potion of berserk rage.
A red film seems to cover your vision as you go berserk!
You feel yourself moving faster!
You feel mighty!
You die...

####...######...## #.#
#.).......##.....###.#
#.................##.#
#.........##.........#
#.##...######...#.####
#. #...# ##.##)# #
##..# ####.# ###..#
#.# .#.#.#.#@.# #.#
........S.# #.####
.#.#.#.#..# #.....
###..# #..###
#########†.# ##..#
...........# #...#
######.###.##### #.#>#
#. #.....# #.#.# #.
#####.# #.#.#


You could see an adder.

Vanquished Creatures
  An adder (D:2)
  A gnoll (D:1)
  A leopard gecko (D:2)
  An orc (D:2)
  2 goblins (D:2)
  A hobgoblin (D:1)
  2 bats (D:1)
  A frilled lizard (D:2)
  2 kobolds (D:2)
  A rat (D:2)
13 creatures vanquished.

Notes
Turn   | Place    | Note
-------+----------+-------------------------------------------
     0 | D:1      | 4thArraOfDagon the Demigod Venom Mage began the quest for the Orb.
     0 | D:1      | Reached XP level 1. HP: 14/14 MP: 5/5
    23 | D:1      | Reached skill level 1 in Conjurations
   106 | D:1      | Reached XP level 2. HP: 16/20 MP: 1/7
   403 | D:2      | HP: 1/20 [adder (6)]
   404 | D:2      | Succumbed to an adder's poison

Vault maps used:
D:1:      lemuel_arrival_tunnels, serial_glass, glass_columns_a,
          glass_columns_b, glass_columns_c, glass_columns_c, glass_columns_b,
          glass_columns_c, glass_columns_b, glass_columns_a
D:2:      minmay_misc_feat_hallway

Skill      XL: |  1  2 |
---------------+-------+-----
Conjurations   | 1 2 |  2.5
Spellcasting   | 2 |  2.0
Dodging        | |  1.7
Stealth        | |  1.7
Poison Magic   | |  2.6

Action                   || total
-------------------------++-------
Melee: Unarmed           ||     9
       Flail             ||     7
 Cast: Sting             ||    34
  Use: Potion            ||     2
Armor: Robe              ||     5
Dodge: Dodged            ||    29

Table legend:
 A = Spawn XP
 B = Non-spawn XP
 C = Spawn XP percentage of total XP
 D = Spawn monster count
 E = Non-spawn monster count
 F = Spawn count percentage of total count
 G = Total turns spent on level
                    A         B        C        D         E        F      G
               +---------+---------+-------+---------+---------+-------+---------
         Total |       0 |      46 |   0.0 |       0 |      13 |   0.0 |   404
               +---------+---------+-------+---------+---------+-------+---------
           D:1 |       0 |      19 |   0.0 |       0 |       4 |   0.0 |   141
           D:2 |       0 |      27 |   0.0 |       0 |       9 |   0.0 |   263
               +---------+---------+-------+---------+---------+-------+---------
